 Dungeon Crawl Stone Soup version 0.18-a0-1560-ge216ca8 (webtiles) character file.

70 Chiseanne the Shield-Bearer (level 4, -4/37 HPs)
             Began as a Formicid Fighter on Mar 12, 2016.
             Slain by a gnoll
             ... wielding a +2 halberd of protection
              (5 damage)
             ... on level 2 of the Dungeon.
             The game lasted 00:03:11 (1021 turns).

Chiseanne the Shield-Bearer (Formicid Fighter)      Turns: 1021, Time: 00:03:12

Health: -4/37      AC:  9    Str: 20    XL:     4   Next: 44%
Magic:  4/4        EV:  6    Int:  8    God:
Gold:   33         SH:  9    Dex: 11    Spells: 0 memorised, 3 levels left

rFire  . . .     SeeInvis +     a - +0 war axe
rCold  . . .     Gourm    .     e - +0 chain mail
rNeg   . . .     Faith    .     c - +0 shield
rPois  .         Spirit   .     (helmet unavailable)
rElec  .         Dismiss  .     (no cloak)
rCorr  .         Reflect  .     (no gloves)
SustAt .         Harm     .     (no boots)
MR     .....                    (no amulet)
Stlth  ..........               (no ring)
                                (no ring)

@: not resistant to hostile enchantments, extremely unstealthy
A: permanent stasis, dig shafts and tunnels, four strong arms, antennae 3
a: Dig, Shaft Self


You were on level 2 of the Dungeon.
You were not hungry.

You visited 1 branch of the dungeon, and saw 2 of its levels.

You collected 33 gold pieces.

Inventory:

Hand Weapons
 a - a +0 war axe (weapon)
Missiles
 b - 23 arrows
 t - 2 javelins (quivered)
 v - 12 silver sling bullets
Armour
 c - a +0 shield (worn)
 e - a +0 chain mail (worn)
Jewellery
 l - a +6 ring of intelligence {unknown}
Scrolls
 i - a scroll of remove curse {unknown}
 j - 3 scrolls of identify {unknown}
 o - a scroll of random uselessness {unknown}
 q - 3 scrolls of enchant weapon {unknown}
Potions
 d - 2 potions of might
 m - a potion of magic {unknown}
 n - a potion of curing {unknown}
 r - a potion of brilliance {unknown}
 s - 2 potions of flight {unknown}
 u - a potion of cure mutation {unknown}
Comestibles
 f - a bread ration
 g - 5 fruits
 h - a beef jerky
 k - 2 slices of pizza
 p - a meat ration


   Skills:
 * Level 4.1 Fighting
 * Level 2.8 Axes
 * Level 3.6 Armour
 * Level 4.3 Shields


You had 3 spell levels left.
You didn't know any spells.

Dungeon Overview and Level Annotations

Branches:
Dungeon (2/15)

Altars:


Innate Abilities, Weirdness & Mutations

You are under a permanent stasis effect.
You can dig through walls and to a lower floor.
Your four strong arms can wield two-handed weapons with a shield.
You have a pair of large antennae on your head (SInv).


Message History

The gnoll hits you with a halberd of protection.
* * * LOW HITPOINT WARNING * * *
You hit the gnoll but do no damage.
The gnoll is severely wounded.
The gnoll hits you with a halberd of protection.
* * * LOW HITPOINT WARNING * * *
You hit the gnoll.
The gnoll is almost dead.
The gnoll hits you but does no damage.
You hit the gnoll but do no damage.
The gnoll is severely wounded.
The gnoll hits you with a halberd of protection.
* * * LOW HITPOINT WARNING * * *
Your shield and chain mail prevent you from hitting the gnoll.
The gnoll is severely wounded.
The gnoll hits you but does no damage.
Your shield and chain mail prevent you from hitting the gnoll.
The gnoll is severely wounded.
The gnoll hits you with a halberd of protection.
You die...

## #..........##.###.#
#.. ###.....##...##.#
#)# ....
....#.###...##.# #.#
#...###..............#
#.#
#.........#..........#
#.# # #.......<........
#.## #÷#
#.#.......#.#####..##.#
#÷# ....###.#.#
#...#.####.# #...#
#.#@## #.........#
#.#.###.#g.#
##.#.######
#.......##.# ##.#.#
##.#..####.# #....#
#.#..# #.# #..### #
##.#..# #.#####..#
#.#.....# #........#
.##.......# #.#.###.##
#..........# #.#.# #.#


You could see a gnoll.

Vanquished Creatures
  3 gnolls (D:2)
  An adder (D:2)
  A worm (D:2)
  A giant gecko (D:2)
  A giant cockroach (D:1)
  3 hobgoblins
  4 jackals (D:1)
  3 kobolds
  2 bats
  3 giant newts
  4 goblins (D:1)
  5 rats
31 creatures vanquished.

Notes
Turn   | Place    | Note
--------------------------------------------------------------
     0 | D:1      | Chiseanne the Formicid Fighter began the quest for the Orb.
     0 | D:1      | Reached XP level 1. HP: 18/18 MP: 1/1
   120 | D:1      | Reached XP level 2. HP: 24/24 MP: 2/2
   494 | D:1      | Reached XP level 3. HP: 28/30 MP: 3/3
   707 | D:2      | Reached XP level 4. HP: 17/37 MP: 4/4
  1019 | D:2      | HP: 1/37 [gnoll/halberd of protection (2)]
  1021 | D:2      | Slain by a gnoll

Vault maps used:
D:1:      dpeg_arrival_orchard, serial_bayou_lagoon_a

Skill      XL: |  1  2  3 |
---------------+----------+-----
Shields        | 4 |  4.3
Fighting       | 4 |  4.1
Axes           | |  2.8
Armour         | |  3.6

Action                   |  1- 3 |  4- 6 || total
-------------------------+-------+-------++-------
Melee: War axe           |   128 |    21 ||   149
 Abil: Dig               |     3 |       ||     3
  Eat: Chunk             |       |     1 ||     1
